 Dungeon Crawl Stone Soup version 0.31.0-32-g396128a36d (webtiles) character file.

Game seed: 16349333821892112214

40 firemarshallily the Vexing (level 3, -5/27 HPs)
             Began as a Demonspawn Hexslinger on Apr 11, 2024.
             Slain by a gnoll
             ... wielding a +0 flail
              (6 damage)
             ... on level 2 of the Dungeon.
             The game lasted 00:02:22 (1226 turns).

firemarshallily the Vexing (Demonspawn Hexslinger)  Turns: 1226, Time: 00:02:22

Health: -5/27      AC:  2    Str: 10    XL:     3   Next: 30%
Magic:  5/5        EV: 12    Int: 13    God:
Gold:   48         SH:  0    Dex: 15    Spells: 5/5 levels left

rFire   . . .        a - +1 sling
rCold   . . .        (no shield)
rNeg    . . .        c - +0 robe
rPois   .            (no helmet)
rElec   .            (no cloak)
rCorr   .            (no gloves)
SInv    .            (no boots)
Will    .....        (no amulet)
Stlth   +            (no ring)
HPRegen 0.24/turn    (no ring)
MPRegen 0.09/turn

%: no passive effects
@: no status effects
A: demonic guardian 1
a: no special abilities


You were on level 2 of the Dungeon.
You visited 1 branch of the dungeon, and saw 2 of its levels.

You collected 48 gold pieces.

Inventory:

Hand Weapons
 a - a +1 sling (weapon)
Armour
 c - a +0 robe (worn)
Jewellery
 j - a +5 ring of evasion
Scrolls
 b - a scroll of poison
 e - 2 scrolls of noise {unknown}
 f - 5 scrolls of identify {unknown}
 h - a scroll of brand weapon {unknown}
 i - a scroll of teleportation {unknown}
Potions
 d - a potion of heal wounds {unknown}
 g - a potion of ambrosia {unknown}
 k - a potion of lignification {unknown}
 l - a potion of cancellation {unknown}


   Skills:
 + Level 1.8 Fighting
 + Level 2.3 Ranged Weapons
 - Level 1.7 Dodging
 + Level 1.6 Spellcasting
 + Level 3.3 Hexes
 - Level 0.8 Fire Magic


You had 5 spell levels left.
You didn't know any spells.
Your spell library contained the following spells:

 Spells                   Type           Power      Damage    Failure   Level
 Jinxbite                 Hex            18%        N/A       10%         2
 Sigil of Binding         Hex            9%         N/A       21%         3
 Inner Flame              Hex/Fire       6%         N/A       32%         3
 Mercury Vapours          Alch/Air       2%         N/A       38%         2
 Cause Fear               Hex            4%         N/A       54%         4
 Mephitic Cloud           Conj/Alch/Air  1%         N/A       63%         3
 Dimensional Bullseye     Hex/Tloc       2%         N/A       78%         4
 Freezing Cloud           Conj/Ice/Air   0%         6-21      100%        5


Dungeon Overview and Level Annotations

Branches:
Dungeon (2/15)

Altars:


Innate Abilities, Weirdness & Mutations

A weak demonic guardian rushes to your aid.


Message History

You kill the bat!
No target in view!
You see here a bat corpse.
f - 5 scrolls labelled CAUMEO IHIMUA (gained 1)
A gnoll comes into view. It is wielding a +0 club.
You shoot a sling bullet. The gnoll shouts!
The sling bullet hits the gnoll but does no damage.
You hear a shout!
A gnoll comes into view. It is wielding a +0 flail.
You shoot a sling bullet. The gnoll shouts!
The sling bullet hits the gnoll but does no damage.
You shoot a sling bullet. The sling bullet hits the gnoll.
The gnoll is heavily wounded.
You shoot a sling bullet. The sling bullet hits the gnoll.
The gnoll is severely wounded.
A gnoll comes into view. It is wielding a +0 spear.
You shoot a sling bullet. The sling bullet hits the gnoll.
The gnoll is almost dead.
A gnoll comes into view. It is wielding a +0 whip.
The gnoll hits you with a +0 club.
You shoot a sling bullet.
The sling bullet hits the gnoll but does no damage.
The gnoll is almost dead.
The gnoll closely misses you.
You shoot a sling bullet. The sling bullet hits the gnoll.
You kill the gnoll!
You shoot a sling bullet. The sling bullet hits the gnoll.
The gnoll is lightly wounded.
The gnoll hits you with a +0 flail!
A demonic guardian appears!
You shoot a sling bullet. The sling bullet hits the gnoll!
The gnoll is severely wounded.
The gnoll hits you from afar with a +0 spear.
The gnoll hits you with a +0 flail!
* * * LOW HITPOINT WARNING * * *
The gnoll hits you from afar with a +0 spear.
* * * LOW HITPOINT WARNING * * *
The gnoll hits you with a +0 flail.
You die...

#### .. ..# .. #.#
g### #.##
....###..#############
......................
###?###.###.....######
#g###.# ###.#.####
#.g@5.# #.#....###
####### #.####...# #.#
###.. #.# ##. #.# ##
#.# # #.# # #.# # #


You could see 2 gnolls and a friendly shadow imp (summoned).

Vanquished Creatures
  A gnoll (D:2)
  2 endoplasms
  2 giant cockroaches
  7 goblins (D:1)
  A hobgoblin (D:1)
  3 kobolds
  A quokka (D:1)
  2 ball pythons
  4 bats
  2 frilled lizards
  3 rats
28 creatures vanquished.

Notes
Turn   | Place    | Note
-------+----------+-------------------------------------------
     0 | D:1      | firemarshallily the Demonspawn Hexslinger began the quest
                  | for the Orb.
     0 | D:1      | Reached XP level 1. HP: 15/15 MP: 2/2
   187 | D:1      | Gained mutation: A weak demonic guardian rushes to your
                  | aid. [demonic ancestry]
   187 | D:1      | Reached XP level 2. HP: 21/21 MP: 3/3
  1128 | D:2      | Reached XP level 3. HP: 26/26 MP: 5/5
  1226 | D:2      | HP: 1/27 [gnoll/+0 spear (3)]
  1226 | D:2      | Slain by a gnoll

Illustrated notes

Levels and vault maps discovered:
D:1:      dpeg_arrival_ternary, layout_basic
D:2:      layout_basic

Skill      XL: |  1 |
---------------+----+-----
Ranged Weapons | 2 |  2.3
Fighting       | |  1.8
Dodging        | |  1.7
Spellcasting   | |  1.6
Hexes          | |  3.3
Fire Magic     | |  0.8

Action                     || total
---------------------------++-------
   Fire: Sling             ||    98
 Armour: Robe              ||    31
  Dodge: Dodged            ||    39
